Get step-by-step instructions on how to execute this build order below. Start the game timer, and the build order will tick by so you can play in parallel with StarCraft on a second screen or mobile device.

Game Time

  0:00

Last Step

  N/A

Next Step

Upcoming Step



Don't want to look back and forth between 2 screens? Try out our Overwolf App, the Spawning Tool Build Advisor to get an in-game overlay with this build!

Complete Build Order

  12  0:00  Probe  
  13  0:12  Probe  
  14  0:17  Pylon  
  14  0:24  Probe (Chrono Boost)  
  16  0:36  Gateway, Probe (Chrono Boost)  
  16  0:43  Probe (Chrono Boost)  
  16  0:44  Assimilator  
  17  0:51  Probe  
  18  1:03  Probe  
  19  1:15  Probe  
  20  1:22  Cybernetics Core  
  20  1:29  Nexus  
  21  1:32  Probe  
  21  1:39  Pylon  
  21  1:45  Probe  
  22  1:49  Assimilator  
  22  1:55  Adept (Chrono Boost)  
  22  1:57  Probe  
  22  2:00  Warp Gate  
  25  2:09  Probe  
  26  2:18  Adept (Chrono Boost)  
  26  2:21  Probe  
  29  2:26  Twilight Council  
  29  2:35  Probe (Chrono Boost)  
  30  2:41  Probe (Chrono Boost)  
  31  2:50  Probe x2 (Chrono Boost)  
  33  2:55  Probe (Chrono Boost)  
  33  2:57  Probe  
  35  3:01  Blink (Chrono Boost)  
  34  3:07  Probe  
  34  3:09  Probe  
  34  3:19  Probe  
  35  3:21  Probe  
  36  3:32  Probe  
  36  3:33  Probe  
  36  3:35  Gateway  
  36  3:44  Probe  
  36  3:46  Probe  
  38  3:48  Sentry  
  39  3:56  Probe  
  39  3:58  Probe  
  39  3:59  Phoenix  
  41  4:04  Nexus  
  41  4:06  Pylon  
  41  4:08  Probe  
  42  4:10  Probe  
  42  4:12  Stalker  
  45  4:17  Robotics Facility  
  45  4:20  Probe  
  45  4:22  Pylon  
  46  4:28  Probe  
  46  4:29  Stalker  
  49  4:32  Probe  
  49  4:34  Assimilator  
  49  4:36  Stalker  
  49  4:37  Assimilator  
  52  4:40  Probe  
  52  4:44  Probe, Pylon  
  54  4:49  Pylon  
  54  4:52  Probe  
  55  4:57  Probe  
  56  5:02  Stalker x2  
  56  5:04  Probe  
  56  5:06  Observer (Chrono Boost), Robotics Bay  
  62  5:09  Probe  
  62  5:13  Pylon  
  63  5:17  Probe x2  
  63  5:20  Immortal (Chrono Boost)  
  63  5:21  Probe  
  66  5:27  Sentry  
  72  5:29  Probe x2  
  72  5:33  Stalker  
  76  5:37  Probe  
  76  5:40  Observer  
  76  5:42  Probe  
  78  5:43  Probe  
  78  5:49  Probe  
  80  5:50  Charge  
  80  5:53  Colossus (Chrono Boost)  
  80  5:56  Pylon  
  86  5:57  Shield Battery  
  86  5:58  Probe  
  87  6:04  Probe  
  87  6:07  Zealot x2  
  87  6:09  Probe  
  92  6:11  Gateway  
  92  6:12  Gateway  
  92  6:14  Extended Thermal Lance  
  92  6:24  Pylon  
  92  6:28  Probe  
  92  6:32  Zealot x2  
  97  6:33  Probe x2  
  97  6:34  Pylon  
  99  6:42  Forge  
  99  6:43  Pylon  
  99  6:45  Colossus (Chrono Boost)  
  103  6:56  Stalker x2  
  103  6:58  Probe x3  
  100  7:09  Stalker x2  
  100  7:12  Probe  
  100  7:15  Probe  
  91  7:21  Probe  
  85  7:24  Probe  
  85  7:27  Pylon  
  84  7:34  Warp Prism (Chrono Boost)  
  84  7:35  Stalker x4  
  93  7:49  Probe x3  
  95  7:59  Stalker x4